 Dungeon Crawl Stone Soup version 0.25.0-9-g26727b657a (webtiles) character file.

Game seed: 4749454498178584378

1099 EWolf27 the Ruffian (level 8, -7/78 HPs)
             Began as a Troll Monk on June 20, 2020.
             Was a Priest of Makhleb.
             Mangled by an ogre
             ... wielding a +0 giant spiked club
              (17 damage)
             ... on level 5 of the Dungeon.
             The game lasted 00:27:05 (4188 turns).

EWolf27 the Ruffian (Troll Monk)                    Turns: 4188, Time: 00:27:06

Health: -7/78      AC:  7    Str: 22    XL:     8   Next: 10%
Magic:  7/7        EV: 12    Int:  6    God:    Makhleb [***...]
Gold:   214        SH:  0    Dex: 12    Spells: 7/7 levels left

rFire    . . .     SeeInvis +     - Unarmed
rCold    . . .     Gourm    +   (no shield)
rNeg     . . .     Faith    .   s - +1 robe {MR+}
rPois    .         Spirit   .   (helmet restricted)
rElec    .         Reflect  .   (no cloak)
rCorr    .         Harm     .   (gloves unavailable)
MR       +....                  (boots unavailable)
Stlth    ++........             (no amulet)
HPRegen  0.63/turn              a - ring of see invisible
MPRegen  0.10/turn              (no ring)

@: hasted, very quick
A: large, unfitting armour, claws 3, fast metabolism 3, gourmand, regeneration
1, shaggy fur 1, tough skin 3
a: Minor Destruction, Lesser Servant of Makhleb, Renounce Religion


You were on level 5 of the Dungeon.
You worshipped Makhleb.
Makhleb was most pleased with you.
You were very full.

You visited 1 branch of the dungeon, and saw 5 of its levels.

You collected 214 gold pieces.

Inventory:

Hand Weapons
 u - a +0 flail
Missiles
 q - 32 poisoned darts (quivered)
Armour
 s - a +1 robe of magic resistance (worn)
Jewellery
 a - a ring of see invisible (left claw)
Wands
 j - a wand of random effects (20)
Scrolls
 e - a scroll of teleportation
 k - 8 scrolls of remove curse
 m - 2 scrolls of identify
 n - 2 scrolls of fear {unknown}
 p - a scroll of noise {unknown}
 r - a scroll of magic mapping {unknown}
Potions
 c - 4 potions of curing
 d - 3 potions of might
 f - 2 potions of mutation {unknown}
 g - a potion of heal wounds {unknown}
 h - a potion of magic {unknown}
 i - 2 potions of degeneration {unknown}
 o - a potion of haste
 t - a potion of invisibility {unknown}
 v - a potion of brilliance {unknown}
 w - a potion of stabbing {unknown}
Comestibles
 b - 7 rations
 l - 2 chunks of flesh


   Skills:
 - Level 4.0 Fighting
 + Level 5.7 Dodging
 - Level 1.0 Stealth
 + Level 6.8 Unarmed Combat


You had 7 spell levels left.
You didn't know any spells.
Your spell library contained the following spells:

 Spells                   Type           Power        Failure   Level  Hunger
 Animate Skeleton         Necr           N/A          45%         1    ##.....
 Apportation              Tloc           #.....       45%         1    ##.....
 Corona                   Hex            #......      45%         1    ##.....
 Summon Small Mammal      Summ           #...         45%         1    ##.....


Dungeon Overview and Level Annotations

Branches:
Dungeon (5/15)
 Temple: D:4-7

Altars:
Elyvilon
Makhleb
Okawaru
Xom
Yredelemnul
The Shining One

Shops:
D:4 !


Innate Abilities, Weirdness & Mutations

You are too large for most types of armour.
You have claws for hands.
Your metabolism is lightning-fast.
You like to eat raw meat.
Your natural rate of healing is unusually fast.
You are covered in fur. (AC +1)
You have extremely tough skin. (AC +3)


Message History

You claw the ogre!
The ogre is moderately wounded.
You scratch the ogre.
The ogre is moderately wounded.
The ogre hits you with a +0 giant spiked club!!
You barely miss the ogre.
The ogre is moderately wounded.
You scratch the ogre.
The ogre is heavily wounded.
The ogre hits you with a +0 giant spiked club!
* * * LOW HITPOINT WARNING * * *
You claw the ogre!
The ogre is severely wounded.
The ogre hits you with a +0 giant spiked club!
* * * LOW HITPOINT WARNING * * *
Unknown command.
Okay, then.
You feel yourself speed up.
The ogre hits you with a +0 giant spiked club!
You die...

###..# #.##.. #....## #.##.. #
#...## #.###. #. #....# #.# ##
#.####....# #.# # #.#....#.# #.#
# ## #.#...#.# #.# # .#
#..##.#.#O# #.# # .#
######.##.#@### #.# #
.#####.............#########.# #
.....######.##.#.#...........# #
.###........##.#.################
...............#.................
.################################
##


You could see an ogre.

Vanquished Creatures
  Sigmund (D:3)
  An ogre (D:4)
  A big kobold (D:4)
  5 wights (D:3)
  2 howler monkeys
  A hound (D:5)
  3 orc priests (D:5)
  Terence (D:2)
  3 iguanas (D:4)
  3 orc wizards
  4 gnolls (D:4)
  7 adders
  3 oozes
  An adder skeleton (D:5)
  3 worms (D:3)
  2 dart slugs (D:1)
  3 leopard geckos
  13 orcs
  A ball python (D:2)
  6 bats
  6 giant cockroaches
  9 goblins
  9 hobgoblins
  6 jackals
  3 quokkas
  2 frilled lizards
  6 kobolds
  4 rats
109 creatures vanquished.

Notes
Turn   | Place    | Note
-------+----------+-------------------------------------------
     0 | D:1      | EWolf27 the Troll Monk began the quest for the Orb.
     0 | D:1      | Reached XP level 1. HP: 22/22 MP: 0/0
   113 | D:1      | Reached XP level 2. HP: 29/29 MP: 1/1
   420 | D:1      | Reached XP level 3. HP: 35/36 MP: 2/2
   902 | D:2      | Noticed Terence
   910 | D:2      | Killed Terence
   910 | D:2      | Reached XP level 4. HP: 38/45 MP: 3/3
  1230 | D:2      | Found a burning altar of Makhleb.
  1237 | D:2      | Became a worshipper of Makhleb the Destroyer
  1237 | D:2      | Reached * piety under Makhleb
  1237 | D:2      | Reached ** piety under Makhleb
  1454 | D:3      | Reached skill level 4 in Unarmed Combat
  1454 | D:3      | Reached XP level 5. HP: 53/53 MP: 4/4
  1497 | D:3      | Noticed Sigmund
  1507 | D:3      | Killed Sigmund
  1507 | D:3      | Reached XP level 6. HP: 40/62 MP: 5/5
  1518 | D:3      | Reached skill level 5 in Unarmed Combat
  1656 | D:3      | Found a glowing golden altar of the Shining One.
  2031 | D:3      | Found a shimmering altar of Xom.
  2037 | D:3      | Found a shimmering altar of Xom.
  2037 | D:3      | Found a shimmering altar of Xom.
  2037 | D:3      | Found a shimmering altar of Xom.
  2037 | D:3      | Found a shimmering altar of Xom.
  2038 | D:3      | Found a shimmering altar of Xom.
  2039 | D:3      | Found a shimmering altar of Xom.
  2174 | D:3      | Found an iron altar of Okawaru.
  2536 | D:4      | Reached XP level 7. HP: 68/70 MP: 6/6
  2552 | D:4      | Reached *** piety under Makhleb
  2864 | D:4      | Reached skill level 5 in Dodging
  2864 | D:4      | Reached skill level 6 in Unarmed Combat
  2893 | D:4      | Found Xeus's Distillery.
  3483 | D:5      | Entered Level 5 of the Dungeon
  3582 | D:5      | Found a basalt altar of Yredelemnul.
  3637 | D:5      | Found a burning altar of Makhleb.
  3659 | D:5      | Found a white marble altar of Elyvilon.
  3942 | D:5      | Reached XP level 8. HP: 78/78 MP: 7/7
  4178 | D:5      | HP: 3/78 [ogre/+0 giant spiked club (11)]
  4188 | D:5      | Mangled by an ogre

Illustrated notes

Levels and vault maps discovered:
D:1:      scummos_arrival_star, layout_rooms, minmay_stone_trees_small
D:2:      layout_basic, lemuel_round_altar, first_ration, uniq_terence
D:3:      layout_loops_corners, kennysheep_okawaru_gauntlet,
          lemuel_crystal_altar, xom_redecorated, uniq_sigmund
D:4:      layout_basic, serial_shops, shop, hex_intersection,
          kennysheep_cross_bottleneck, kennysheep_windowed_goal
D:5:      layout_loops_ring, elyvilon_altar_5, lemuel_round_altar,
          marbit_many_paths, makhleb_blood_cavern_becter

Skill      XL: |  1  2  3  4  5  6  7 |
---------------+----------------------+-----
Fighting       | 3 4 |  4.0
Dodging        | 3 4 5 |  5.7
Unarmed Combat | 4 5 6 |  6.8
Stealth        | |  1.0

Action                   |  1- 3 |  4- 6 |  7- 9 || total
-------------------------+-------+-------+-------++-------
Melee: Unarmed           |    64 |   119 |   127 ||   310
       Punch             |     1 |     2 |     2 ||     5
Throw: Dart              |       |       |     5 ||     5
  Use: Scroll            |       |       |     8 ||     8
       Potion            |       |       |     1 ||     1
 Stab: Sleeping          |     1 |     2 |       ||     3
       Distracted        |       |       |     1 ||     1
  Eat: Chunk             |    12 |    17 |    13 ||    42
Armor: Robe              |    31 |    32 |    30 ||    93
Dodge: Dodged            |    29 |    63 |    70 ||   162
